 Dungeon Crawl Stone Soup version 0.31-a0-460-g9e667d4245 (webtiles) character file.

Game seed: 4974466451597650101

116 AccursedSamuel the Ruffian (level 4, -9/16 HPs)
             Began as a Draconian Shapeshifter on Aug 4, 2023.
             Mangled by an orc
             ... wielding a +0 great sword
              (14 damage)
             ... on level 3 of the Dungeon.
             The game lasted 00:06:10 (1640 turns).

AccursedSamuel the Ruffian (Draconian Shapeshifter) Turns: 1640, Time: 00:06:10

Health: -9/16      AC:  5    Str: 19    XL:     4   Next: 69%
Magic:  4/4        EV: 12    Int:  8    God:
Gold:   69         SH:  0    Dex: 12    Spells: 3/3 levels left

rFire   . . .        d - +2 dagger (venom)
rCold   . . .        (no shield)
rNeg    . . .        (body armour unavailable)
rPois   .            (helmet restricted)
rElec   .            (no cloak)
rCorr   .            (no gloves)
SInv    .            (no boots)
Will    +....        (no amulet)
Stlth   +            j - ring of willpower
HPRegen 0.22/turn    (no ring)
MPRegen 0.09/turn

%: no passive effects
@: maw-form
A: devouring maw, reduced hp, AC +5, unfitting armour, cold-blooded
a: Begin Untransformation


You were on level 3 of the Dungeon.
You were a creature with a mouth for a stomach.
You visited 1 branch of the dungeon, and saw 3 of its levels.

You collected 69 gold pieces.

Inventory:

Hand Weapons
 d - a +2 dagger of venom (weapon)
Jewellery
 j - a ring of willpower (left hand)
Talismans
 b - a beast talisman
 k - a maw talisman (active)
Scrolls
 g - a scroll of enchant armour {unknown}
 h - 2 scrolls of identify {unknown}
 i - 2 scrolls of teleportation {unknown}
Potions
 a - a potion of lignification
 c - 2 potions of might {unknown}
 e - a potion of invisibility {unknown}
 f - a potion of mutation {unknown}
 l - a potion of berserk rage {unknown}


   Skills:
 + Level 1.3 Fighting
 + Level 2.5 Dodging
 + Level 0.3 Stealth
 + Level 4.2 Unarmed Combat
 + Level 3.6 Shapeshifting


You had 3 spell levels left.
You didn't know any spells.
Your spell library contained the following spells:

 Spells                   Type           Power      Damage    Failure   Level
 Necrotise                Necr           0%         1d4       41%         1
 Ignite Poison            Fire/Tmut/Pois 0%         N/A       78%         3
 Vampiric Draining        Necr           0%         2d6       78%         3
 Sticky Flame             Conj/Fire      0%         2d3       99%         4
 Agony                    Necr           0%         N/A       100%        5
 Ignition                 Fire           0%         3d3       100%        8


Dungeon Overview and Level Annotations

Branches:
Dungeon (3/15)

Altars:


Innate Abilities, Weirdness & Mutations

You are a creature with a mouth for a stomach.
Your midsection houses a second, enormous mouth.
Your maximum health is decreased, since you lack skill for your form.
Your plain brown scales are hard. (AC +5)
You cannot fit into any form of body armour.
You are cold-blooded and may be slowed by cold attacks.


Message History

The jackal barely misses you. The jackal misses you.
You hit the jackal.
You kill the jackal!
The jackal bites you. The jackal closely misses you.
The jackal bites you but does no damage.
You hit the jackal.
The jackal is poisoned.
You tail-slap the jackal.
You kill the jackal!
You see here a jackal corpse.
You see here a jackal corpse.
Found a +0 war axe.
You see here a maw talisman.
k - a maw talisman HP restored.
You don't know any spells.
You begin transforming.
You continue transforming. x3
Your transformation has ended.
You turn into a creature with a mouth for a stomach.
Unknown command.
A bat comes into view.
The bat moves out of view.
l - a fuming emerald potion A bat is nearby!
The bat hits you but does no damage. The bat misses you.
You hit the bat.
You devour the bat!
You feel better.
You kill the bat!
A goblin comes into view. It is wielding a +0 club.
The goblin shouts!
The goblin hits you with a +0 club.
The orc shouts!
The orc throws a boomerang.
The boomerang barely misses you. The goblin attacks as you move away!
The goblin hits you but does no damage.
The orc throws a boomerang.
The boomerang hits you but does no damage.
The goblin attacks as you move away! The goblin barely misses you.
The orc hits you with a +0 great sword!
Ouch! That really hurt!
The orc hits you with a +0 great sword!
Ouch! That really hurt!
You die...

#.# #.# # ..# #...# #.#
###.#.# # ##########.#
#..... . #........#.###.#.#
# #........#.......# #
#....o...#.###.#.#####
#....W.g..............
#.####...................##
#...............###.#.##.#
.......<.)..........####.#
#######.######.......###.##
#. #.##...........'..... #.
###..###.#.....###.##
#.######..## #.#.....# #.#
#.##....##..##
###########.##


You could see an orc and a goblin.

Vanquished Creatures
  5 adders
  A gnoll (D:1)
  5 ball pythons
  3 endoplasms
  A giant cockroach (D:1)
  5 goblins
  8 hobgoblins
  10 jackals
  2 quokkas
  6 bats
  5 frilled lizards (D:2)
  3 kobolds (D:1)
  6 rats
60 creatures vanquished.

Notes
Turn   | Place    | Note
-------+----------+-------------------------------------------
     0 | D:1      | AccursedSamuel the Draconian Shapeshifter began the quest
                  | for the Orb.
     0 | D:1      | Reached XP level 1. HP: 16/16 MP: 1/1
   151 | D:1      | Reached XP level 2. HP: 17/23 MP: 2/2
   333 | D:1      | Reached XP level 3. HP: 27/28 MP: 3/3
   406 | D:1      | Found a faded altar of an unknown god.
   840 | D:2      | Reached skill level 4 in Unarmed Combat
   852 | D:2      | Reached XP level 4. HP: 24/35 MP: 4/4
  1640 | D:3      | Mangled by an orc

Illustrated notes

Levels and vault maps discovered:
D:1:      matt_arrival_los_fun, layout_rooms, basic_ecumenical_altar
D:2:      layout_rooms, minmay_pentomino_q2
D:3:      layout_basic, minmay_statues_item

Skill      XL: |  1  2  3 |
---------------+----------+-----
Dodging        | 2 |  2.5
Unarmed Combat | 4 |  4.2
Fighting       | |  1.3
Stealth        | |  0.3
Shapeshifting  | |  3.6

Action                     |  1- 3 |  4- 6 || total
---------------------------+-------+-------++-------
  Melee: Unarmed           |    82 |    15 ||    97
         Tailslap          |     9 |     8 ||    17
         Dagger            |       |    58 ||    58
    Use: Scroll            |     1 |       ||     1
 Armour: Skin              |    37 |    61 ||    98
  Dodge: Dodged            |    85 |   110 ||   195
         Form:             |       |     1 ||     1
         Beast             |       |     1 ||     1
         Maw               |       |     1 ||     1

Table legend: (Time is in decaauts)
 A = Elapsed time spent in this place.
 B = Non-inter-level travel time spent in this place.
 C = Inter-level travel time spent in this place.
 D = Time resting spent in this place.
 E = Time spent auto-exploring this place.
 F = Levels seen in this place.
 G = Mean time per level.
                   A        B        C        D        E       F      G
               +--------+--------+--------+--------+--------+-----+--------+
         Total |   1631 |   1564 |     67 |      0 |    802 |   3 |  543.7 |
       Dungeon |   1631 |   1564 |     67 |      0 |    802 |   3 |  543.7 |
               +--------+--------+--------+--------+--------+-----+--------+

Top non-repeatable levels by time:
     D:2: 772 daAuts
     D:1: 663 daAuts
     D:3: 196 daAuts
